[Event "Early-Titled-Tuesday-Blitz-October-03-2023"]
[Site "Chess.com"]
[Date "2023.10.03"]
[Round "9"]
[White "Kotofeyca"]
[Black "FREDERICKtheMATE"]
[Result "1/2-1/2"]
[WhiteElo "2421"]
[BlackElo "2596"]
[TimeControl "180+1"]
[EndTime "9:45:15 PDT"]
[Termination "Game drawn by repetition"]

1. d4 Nf6 2. c4 e6 3. Nf3 d5 4.
Nc3 Be7 5. cxd5 Nxd5 6. g3 O-O 7. Bg2 Nxc3 8. bxc3 c5 9. O-O Nc6 10. Bf4 Qa5 11. Qb3 Bf6 12. Rfd1 Rd8 13. Ne5 Bxe5 14. Bxe5 Nxe5 15. dxe5 Rxd1+ 16. Rxd1 Qc7 17. Qb5 Kf8 18. Rd6 Rb8 19. Qd3 c4 20. Qxh7 b5 21. Qh8+ Ke7 22.
Qxg7 Bb7 23. Qf6+ Ke8 24. Bxb7 Rxb7 25. a3 a5 26. Qh8+ Ke7 27. Qh4+ Ke8 28. Qd4 b4 29. axb4 axb4 30. Ra6 b3 31. Ra8+ Rb8 32. Ra7 Rb7 33. Ra8+ Ke7 34. Qh4+ Kd7 35. Qd4+ Ke7 36. Qh4+ Kd7 37.
Qd4+ Ke7 1/2-1/2

[Event "Early-Titled-Tuesday-Blitz-October-03-2023"]
[Site "Chess.com"]
[Date "2023.10.03"]
[Round "9"]
[White "wqws"]
[Black "ErikRonka"]
[Result "1-0"]
[WhiteElo "2669"]
[BlackElo "2510"]
[TimeControl "180+1"]
[EndTime "9:45:20 PDT"]
[Termination "wqws won on time"]

1. e4 c5 2. Nf3 e6 3. d4 cxd4 4. Nxd4 Nf6 5. Nc3 d6 6. g4 h6 7. Rg1 Nc6 8. Be3 Be7 9. h4 d5 10. Bb5 Bd7 11. exd5 Nxd5 12. Nxd5 exd5 13. g5 hxg5 14.
hxg5 Rh4 15. Bxc6 bxc6 16. Qf3 Qa5+ 17. c3 Rb8 18. Qe2 c5 19. Nf3 Re4 20. Nd2 Ra4 21.
g6 Rxa2 22. gxf7+ Kf8 23. Rd1 Ra1 24. Nb1 Qb5 25. Qh5 Bf6 26. Qxd5 Bc6 27. Bxc5+ Be7 28. Bxe7+ Kxe7 29. Qd6+ Kxf7 30. Qc7+ Ke8 31. Rxg7 Qe5+ 32. Qxe5+ 1-0

[Event "Early-Titled-Tuesday-Blitz-October-03-2023"]
[Site "Chess.com"]
[Date "2023.10.03"]
[Round "9"]
[White "gtnamfrq"]
[Black "mortngabriel"]
[Result "0-1"]
[WhiteElo "2416"]
[BlackElo "2569"]
[TimeControl "180+1"]
[EndTime "9:45:21 PDT"]
[Termination "mortngabriel won by resignation"]

1. e4 c5 2. Nf3 Nc6 3. Bb5 Nf6 4. Bxc6 dxc6 5. d3 Bg4 6. h3 Bh5 7. O-O Nd7 8. Be3 e5 9. Nbd2 Bd6 10. a4 O-O 11. Nc4 Bc7 12. g4 Bg6 13. Kg2 Qe7 14. Bg5 f6 15. Bh4 Rfd8 16. Qe2 Nf8 17. Bg3 Ne6 18. Ra3 b6 19. Ne3 Rd7 20. Rd1 Rad8 21.
Nf5 Bxf5 22. gxf5 Nd4 23. Nxd4 cxd4 24. Kh2 Qb4 25. Rb3 Qxa4 26. Rg1 Bd6 27. Bh4 Rf7 28. Qh5 Bf8 29. Rb1 c5 30. Qd1 c4 31. Ra1 Qc6 32.
dxc4 Qxe4 33. Rf3 Qxh4 0-1

[Event "Early-Titled-Tuesday-Blitz-October-03-2023"]
[Site "Chess.com"]
[Date "2023.10.03"]
[Round "9"]
[White "emeli_chess"]
[Black "dennisodessa"]
[Result "0-1"]
[WhiteElo "2352"]
[BlackElo "2482"]
[TimeControl "180+1"]
[EndTime "9:45:22 PDT"]
[Termination "dennisodessa won by resignation"]

1. d4 e6 2. c4 Nf6 3. Nc3 Bb4 4. Qc2 Nc6 5. Nf3 d6 6. e4 e5 7. d5 Bxc3+ 8. Qxc3 Ne7 9. Bd3 O-O 10. h3 Ng6 11. g4 a5 12. c5 dxc5 13. Qxc5 c6 14. d6 Nd7 15. Qc3 Qf6 16. Bc4 Nc5 17. Bg5 Qxd6 18. Rd1 Qc7 19. Qe3 Ne6 20. Bxe6 Bxe6 21. b3 a4 22. h4 Bxg4 23. h5 Nf4 24. Bxf4 exf4 25.
Qc3 Qe7 26. h6 Qxe4+ 27. Kd2 f6 28. hxg7 Rfd8+ 29. Kc1 Bxf3 30. Rxd8+ Rxd8 31. Re1 Qxe1+ 32. Qxe1 Rd1+ 33. Qxd1 Bxd1 34. Kxd1 axb3 35. a4 c5 36. Kd2 c4 37. Kc3 Kxg7 38. a5 Kf7 0-1

[Event "Early-Titled-Tuesday-Blitz-October-03-2023"]
[Site "Chess.com"]
[Date "2023.10.03"]
[Round "9"]
[White "Fore_Man"]
[Black "Cheer_Down"]
[Result "1-0"]
[WhiteElo "2279"]
[BlackElo "2382"]
[TimeControl "180+1"]
[EndTime "9:45:23 PDT"]
[Termination "Fore_Man won by resignation"]

1. Nf3 d5 2. g3 g6 3. Bg2 Bg7 4. d4 Nf6 5. O-O O-O 6. b3 a5 7. Bb2 a4 8. a3 axb3 9. cxb3 Ne4 10.
b4 c6 11. Nc3 Nxc3 12. Bxc3 Nd7 13. Ne5 Nb6 14. e4 dxe4 15. Bxe4 Be6 16. b5 Bxe5 17. dxe5 cxb5 18. Bxb7 Ra7 19. Bf3 Nd5 20. Bb2 Rd7 21.
Qe2 Nb6 22. Rfd1 Nc4 23. Bc3 Rxd1+ 24. Rxd1 Qc7 25. Bb4 Rd8 26. Rxd8+ Qxd8 27. Bc6 Qd4 28. Bxb5 Nxe5 29. Qe3 Qa1+ 30. Kg2 Bd5+ 31. Kh3 Qf1+ 32. Bxf1 1-0

[Event "Early-Titled-Tuesday-Blitz-October-03-2023"]
[Site "Chess.com"]
[Date "2023.10.03"]
[Round "9"]
[White "Mr_Lion22"]
[Black "Kildepiotr"]
[Result "0-1"]
[WhiteElo "2489"]
[BlackElo "2629"]
[TimeControl "180+1"]
[EndTime "9:45:24 PDT"]
[Termination "Kildepiotr won on time"]

1. d4 c5 2. d5 e5 3. c4 d6 4.
e4 Be7 5. Be2 Bg5 6. Nd2 Nd7 7.
Ngf3 Bh6 8. O-O Ne7 9. a3 O-O 10. b4 a5 11. Rb1 axb4 12. axb4 cxb4 13. Rxb4 Nc5 14. Qc2 f5 15. Bb2 Qe8 16. Rb6 Ra6 17. Rxa6 bxa6 18. Ba3 Nxe4 19. Nxe4 fxe4 20. Qxe4 Bf5 21.
Qh4 Ng6 22. Qh5 Nf4 23. Qxe8 Nxe2+ 24. Kh1 Rxe8 25. Re1 Bd3 26. Bxd6 Bxc4 27. Nxe5 Bf4 28. Nxc4 Ng3+ 29. hxg3 Rxe1+ 30. Kh2 Bxd6 31. Nxd6 Rd1 32.
Nf5 g6 33. Ne3 Rd4 34. Kg1 a5 35. Kf1 a4 36. Ke2 a3 37. Nc2 Ra4 38. d6 Kf7 39. Kd3 a2 40. Na1 Ke6 41. Kc2 Kxd6 42. Kb3 Ra8 43.
Kb2 Kd5 0-1

[Event "Early-Titled-Tuesday-Blitz-October-03-2023"]
[Site "Chess.com"]
[Date "2023.10.03"]
[Round "9"]
[White "SanchezKelvin"]
[Black "santosalberto1987"]
[Result "0-1"]
[WhiteElo "2586"]
[BlackElo "2499"]
[TimeControl "180+1"]
[EndTime "9:45:25 PDT"]
[Termination "santosalberto1987 won on time"]

1. e4 c5 2. Nf3 Nc6 3. d4 cxd4 4.
Nxd4 g6 5. c4 Nf6 6. Nc3 d6 7. f3 Nxd4 8. Qxd4 Bg7 9. Be3 O-O 10. Qd2 Be6 11. Rc1 Qa5 12. Nd5 Qxd2+ 13. Kxd2 Bxd5 14. cxd5 Rfc8 15. Rxc8+ Rxc8 16. g3 b6 17. Bh3 Rc7 18. Rc1 Rxc1 19. Kxc1 Kf8 20. a4 Ke8 21. a5 bxa5 22. Bxa7 Nd7 23. Kc2 Kd8 24. Bxd7 Kxd7 25. Bb6 a4 26. Kb1 Kc8 27. Ka2 Kb7 28. Bd8 e6 29. Ka3 exd5 30. exd5 Ka6 31. Bc7 Kb5 32. Bxd6 Kc4 33. f4 Kxd5 34. Be5 Bxe5 35. fxe5 Kxe5 36. Kxa4 f5 37. b4 g5 38. b5 f4 39. gxf4+ gxf4 40. b6 Kd6 41. Ka5 f3 42. b7 Kc7 0-1

[Event "Early-Titled-Tuesday-Blitz-October-03-2023"]
[Site "Chess.com"]
[Date "2023.10.03"]
[Round "9"]
[White "RamonManon0g"]
[Black "arminmusovic"]
[Result "1-0"]
[WhiteElo "2315"]
[BlackElo "2499"]
[TimeControl "180+1"]
[EndTime "9:45:26 PDT"]
[Termination "RamonManon0g won by checkmate"]

1. e4 c6 2. d4 d5 3. e5 c5 4.
dxc5 e6 5. Qg4 Nd7 6. Bb5 Ne7 7. Nf3 h5 8. Qg5 a6 9. Bxd7+ Bxd7 10. O-O Qa5 11.
Be3 Nf5 12. Nc3 Be7 13. Qf4 h4 14. b4 g5 15. Qxf5 Qxb4 16. Qd3 g4 17. Ng5 h3 18. g3 Bxg5 19. Bxg5 Qxc5 20. Be3 Qc6 21. Bd4 Rc8 22. f3 b5 23. fxg4 b4 24. Ne2 Qxc2 25. Qf3 f5 26.
exf6 Kf7 27. Rac1 Qxa2 28. Rxc8 Rxc8 29. g5 Rh8 30. g6+ Kxg6 31. Qg4+ Kh7 32. Qg7# 1-0

[Event "Early-Titled-Tuesday-Blitz-October-03-2023"]
[Site "Chess.com"]
[Date "2023.10.03"]
[Round "9"]
[White "Lady_Nika"]
[Black "Balla_Tamas"]
[Result "0-1"]
[WhiteElo "2524"]
[BlackElo "2462"]
[TimeControl "180+1"]
[EndTime "9:45:28 PDT"]
[Termination "Balla_Tamas won by resignation"]

1. e4 c5 2. Nc3 Nc6 3. g3 g6 4. Bg2 Bg7 5. d3 e6 6. f4 Nge7 7. Nf3 O-O 8. O-O d6 9. Rb1 Rb8 10. Be3 b5 11. Ne2 b4 12. g4 f5 13. h3 Qa5 14. Nc1 e5 15. gxf5 gxf5 16. fxe5 dxe5 17. Nb3 Qxa2 18. Bxc5 fxe4 19. dxe4 Be6 20. Bxe7 Nxe7 21. Ra1 Qxb2 22. Rxa7 Bxb3 23. cxb3 Ng6 24. Qd5+ Kh8 25.
Qd7 Rg8 26. Ng5 h6 27. Nf7+ Kh7 28. Rf2 Qc1+ 29. Bf1 Qe3 30. Qf5 Qxa7 31. Bc4 Rb6 32. Kh2 Rf6 33. Qxf6 Bxf6 34. Rxf6 Rg7 35. Rf5 Qa2+ 36.
Kh1 Qb1+ 37. Kh2 Qc2+ 38. Kg1 Nf4+ 39. Ng5+ Rxg5+ 0-1

[Event "Early-Titled-Tuesday-Blitz-October-03-2023"]
[Site "Chess.com"]
[Date "2023.10.03"]
[Round "9"]
[White "Heydarli77"]
[Black "pankajfm"]
[Result "1-0"]
[WhiteElo "2308"]
[BlackElo "2101"]
[TimeControl "180+1"]
[EndTime "9:45:29 PDT"]
[Termination "Heydarli77 won by resignation"]

1. d4 Nf6 2. c4 g6 3. Nc3 Bg7 4. b3 O-O 5. Bb2 c5 6. dxc5 Qa5 7. Qd2 Qxc5 8. Nf3 Nc6 9. e3 d6 10. Be2 h6 11. O-O Be6 12. Rfd1 Rfd8 13. a3 Qa5 14. Nd4 Nxd4 15. exd4 d5 16. b4 Qc7 17. c5 Ne4 18. Qe3 Nxc3 19. Bxc3 b6 20. b5 bxc5 21. dxc5 Bxc3 22.
Qxc3 Rac8 23. Rac1 Qf4 24. g3 Qb8 25. a4 Bh3 26. Bf3 e5 27. Rxd5 e4 28. Bxe4 Rxd5 29. Bxd5 Rd8 30. Qf3 Qc7 31. c6 h5 32. Re1 Bg4 33.
Qe4 Bf5 34. Qc4 Kg7 35. h4 Qb8 36. c7 1-0

[Event "Early-Titled-Tuesday-Blitz-October-03-2023"]
[Site "Chess.com"]
[Date "2023.10.03"]
[Round "9"]
[White "EvgenyBurmakin"]
[Black "LuisFSiles"]
[Result "0-1"]
[WhiteElo "2329"]
[BlackElo "2279"]
[TimeControl "180+1"]
[EndTime "9:45:30 PDT"]
[Termination "LuisFSiles won on time"]

1. e4 c5 2. Nc3 Nc6 3. Bb5 Nd4 4. Bc4 g6 5. Nf3 Bg7 6. Nxd4 cxd4 7. Qf3 Nh6 8. Ne2 O-O 9. d3 Ng4 10. Bb3 Ne5 11.
Qg3 Nc6 12. h4 Na5 13. h5 Nxb3 14. axb3 d6 15. hxg6 fxg6 16. Qh4 h5 17. Nf4 Qe8 18. Nd5 Bf6 19. Bg5 Qf7 20. O-O-O Bxg5+ 21. Qxg5 e6 22. Ne7+ Kh7 23. Nxc8 Raxc8 24. g3 Qxf2 25. Rd2 Qe3 26. Qe7+ Kh6 27. Qxe6 Rf2 28. Rd1 Rcf8 0-1

[Event "Early-Titled-Tuesday-Blitz-October-03-2023"]
[Site "Chess.com"]
[Date "2023.10.03"]
[Round "9"]
[White "ExchangeAB"]
[Black "Quattroporte300"]
[Result "1-0"]
[WhiteElo "2492"]
[BlackElo "2378"]
[TimeControl "180+1"]
[EndTime "9:45:32 PDT"]
[Termination "ExchangeAB won by checkmate"]

1. d4 d5 2. Nc3 e6 3. Bf4 c5 4. e3 Nf6 5. Nb5 Na6 6. c3 Be7 7. a4 O-O 8. Bd3 Bd7 9. Nf3 c4 10. Bc2 Bxb5 11. axb5 Nc7 12. Ne5 Nxb5 13. g4 Nd6 14. f3 Nd7 15. Ke2 f6 16. Nxd7 Qxd7 17. Qf1 a5 18. Qh3 g6 19. Qg2 b5 20. h4 b4 21. g5 fxg5 22. hxg5 Rf7 23. Qh3 Nf5 24.
e4 dxe4 25. fxe4 Nxd4+ 26. cxd4 Qxd4 27. Qxe6 Qxb2 28. Rac1 Qg7 29. Be5 Qf8 30. Rxh7 Ra6 31. Rh8# 1-0

[Event "Early-Titled-Tuesday-Blitz-October-03-2023"]
[Site "Chess.com"]
[Date "2023.10.03"]
[Round "9"]
[White "Ariadna_Atreides"]
[Black "Cambek64"]
[Result "0-1"]
[WhiteElo "2201"]
[BlackElo "2441"]
[TimeControl "180+1"]
[EndTime "9:45:33 PDT"]
[Termination "Cambek64 won on time"]

1. d4 d6 2. Nf3 Nf6 3. c4 g6 4. Nc3 Bg7 5. e4 O-O 6. h3 Nc6 7. Be3 e5 8. d5 Ne7 9. Bd3 Nd7 10. g4 h6 11. Qd2 Kh7 12. Bc2 a5 13. h4 Nc5 14. Rg1 Ng8 15. h5 g5 16. Nh2 Bf6 17. Nf1 Ne7 18. f3 Kg7 19. Ng3 Bd7 20. Kf2 Qb8 21.
Rab1 Qa7 22. b3 Rfb8 23. a3 b6 24. Qc1 Qb7 25. b4 axb4 26. axb4 Na6 27. c5 Qc8 28. c6 Be8 29. Nf5+ Nxf5 30. gxf5 Kf8 31. Bxg5 hxg5 32.
Rxg5 Ke7 33. h6 Bxg5 34. Qxg5+ f6 35. Qg7+ Bf7 36. b5 Nc5 37. Rg1 Qh8 0-1

[Event "Early-Titled-Tuesday-Blitz-October-03-2023"]
[Site "Chess.com"]
[Date "2023.10.03"]
[Round "9"]
[White "Iball95"]
[Black "Journey_to_GrandMaster_YT"]
[Result "1-0"]
[WhiteElo "2774"]
[BlackElo "2589"]
[TimeControl "180+1"]
[EndTime "9:45:34 PDT"]
[Termination "Iball95 won on time"]

1. e4 d6 2. d4 Nf6 3. Nc3 e5 4. dxe5 dxe5 5. Qxd8+ Kxd8 6. Bg5 c6 7. Nf3 Nd7 8. O-O-O Kc7 9. Bh4 b5 10. Ng5 Bb4 11.
Nxf7 Rf8 12. Ng5 Nc5 13. Bg3 Bxc3 14. bxc3 Nfxe4 15. Bxe5+ Kb7 16. Nxe4 Nxe4 17. Bxg7 Rf7 18. Bd4 Nxf2 19. Bxf2 Rxf2 20. Rd2 Rxd2 21. Kxd2 Be6 22. a3 Bd5 23. Bd3 Rg8 24. Rg1 h5 25. g3 h4 26. g4 Rg5 27. Ke3 Kb6 28. Kf4 Rg8 29. g5 h3 30. g6 Rf8+ 31. Ke3 Bg2 32. Kd4 1-0

[Event "Early-Titled-Tuesday-Blitz-October-03-2023"]
[Site "Chess.com"]
[Date "2023.10.03"]
[Round "9"]
[White "IsuruAlahakoon"]
[Black "Rosh1610"]
[Result "1-0"]
[WhiteElo "2328"]
[BlackElo "2445"]
[TimeControl "180+1"]
[EndTime "9:45:35 PDT"]
[Termination "IsuruAlahakoon won on time"]

1. Nf3 Nf6 2. d4 e6 3. Nc3 c5 4.
d5 d6 5. dxe6 Bxe6 6. e4 Nc6 7.
Ng5 Be7 8. Nxe6 fxe6 9. Bc4 Qd7 10.
O-O O-O 11. f4 Nd4 12. Be3 d5 13. exd5 exd5 14. Nxd5 Nxd5 15. Bxd4 cxd4 16. Qxd4 Rad8 17. Rad1 Rf5 18. g4 Qc6 19. Qe4 Bc5+ 20. Kh1 b5 21. Bb3 1-0

[Event "Early-Titled-Tuesday-Blitz-October-03-2023"]
[Site "Chess.com"]
[Date "2023.10.03"]
[Round "9"]
[White "KatakuriDono"]
[Black "JiiHart"]
[Result "1-0"]
[WhiteElo "2330"]
[BlackElo "2189"]
[TimeControl "180+1"]
[EndTime "9:45:35 PDT"]
[Termination "KatakuriDono won on time"]

1. d4 d5 2. c4 c5 3. cxd5 Qxd5 4. Nf3 cxd4 5. Qxd4 Qxd4 6. Nxd4 a6 7. Nc3 Nf6 8. Bf4 Nbd7 9. Bg3 e6 10. e3 Bb4 11.
Be2 O-O 12. O-O Bxc3 13. bxc3 Ne4 14. c4 Nxg3 15. hxg3 Nc5 16. Rfd1 e5 17. Nf3 f6 18. Nd2 Be6 19. Nb3 Nxb3 20. axb3 Rfd8 21. Bf3 Rxd1+ 22. Rxd1 Rb8 23. Rd6 Kf7 24. Rb6 Bc8 25. c5 Ra8 26.
Bxb7 Bxb7 27. Rxb7+ Ke6 28. Rxg7 Rb8 29. Rxh7 Rxb3 30.
Ra7 Rb1+ 31. Kh2 Rc1 32. Rxa6+ Kd5 33. Rxf6 Rxc5 34. g4 Rc8 35. Kg3 Ke4 36. Ra6 Rh8 37. Ra4+ Kd3 38. g5 e4 39. Rd4+ Ke2 40. Rxe4 Rg8 41.
f4 Rg6 42. Kg4 Kf2 43. f5 Rg8 44. g6 Kxg2 45. Kg5 Kf3 46. Re7 Kg3 47. f6 Kf3 48.
f7 1-0

[Event "Early-Titled-Tuesday-Blitz-October-03-2023"]
[Site "Chess.com"]
[Date "2023.10.03"]
[Round "9"]
[White "LUISMIGUELOV"]
[Black "Goi_Manne"]
[Result "0-1"]
[WhiteElo "2148"]
[BlackElo "2297"]
[TimeControl "180+1"]
[EndTime "9:45:35 PDT"]
[Termination "Goi_Manne won on time"]

1. e4 c6 2. Nf3 d5 3. Nc3 dxe4 4. Nxe4 Nf6 5. Nxf6+ exf6 6. Qe2+ Qe7 7. d4 Bf5 8. c3 Nd7 9. Bf4 h6 10. O-O-O Qxe2 11. Bxe2 g5 12. Bd2 Bg7 13. Rhe1 O-O 14. h3 Bg6 15. Nh2 f5 16. f3 f4 17. Bc4 b5 18. Bb3 a5 19. Ng4 Nb6 20. Ne5 Bxe5 21.
Rxe5 a4 22. Bc2 Bxc2 23. Kxc2 Nc4 24. Rc5 Rac8 25. Bc1 Rfe8 26. b3 axb3+ 27. axb3 Nd6 28. Kd3 Kg7 29. Rd2 Kg6 30. Re2 Rxe2 31. Kxe2 Nf5 32.
Bd2 Re8+ 33. Kd3 Re6 34. d5 cxd5 35. Rxd5 Nh4 36. Rxb5 Nxg2 37. c4 Ne3 38. Ra5 f5 39.
c5 h5 40. Rb5 Nd5 41. b4 g4 42.
c6 gxh3 0-1

[Event "Early-Titled-Tuesday-Blitz-October-03-2023"]
[Site "Chess.com"]
[Date "2023.10.03"]
[Round "9"]
[White "kingapolak"]
[Black "Actuary44"]
[Result "0-1"]
[WhiteElo "1783"]
[BlackElo "2507"]
[TimeControl "180+1"]
[EndTime "9:45:36 PDT"]
[Termination "Actuary44 won by resignation"]

1. e4 b6 2. g3 Bb7 3. Bg2 e6 4. d4 Nf6 5. Nc3 Bb4 6. Bg5 h6 7. Bxf6 Qxf6 8. Ne2 Qe7 9. Qd2 c5 10. a3 cxd4 11. Nxd4 Bc5 12. O-O-O a5 13. Ndb5 O-O 14. Nc7 Rc8 15. Nxa8 Bxa8 16. Kb1 Bc6 17. f4 b5 18.
e5 b4 19. axb4 Bxb4 20. Bxc6 Rxc6 21. Qd4 Bxc3 22. bxc3 Qa3 23. c4 Na6 24. Rd3 Qa4 25. Rb3 Rxc4 26. Qb6 Nb4 27. Rb2 Rxc2 28. Qb8+ Kh7 29.
Qxb4 axb4 30. Rxc2 b3 31. Rb2 Qe4+ 32. Ka1 Qxh1+ 0-1

[Event "Early-Titled-Tuesday-Blitz-October-03-2023"]
[Site "Chess.com"]
[Date "2023.10.03"]
[Round "9"]
[White "Aleksandar-Topalov"]
[Black "grandemestregringo"]
[Result "0-1"]
[WhiteElo "2419"]
[BlackElo "2536"]
[TimeControl "180+1"]
[EndTime "9:45:37 PDT"]
[Termination "grandemestregringo won on time"]

1. b3 d5 2. Bb2 Nc6 3. e3 e5 4. Bb5 Bd6 5. f4 f6 6. Nh3 Bxh3 7. Qh5+ g6 8. Qxh3 Qd7 9. Qxd7+ Kxd7 10. fxe5 fxe5 11. O-O Ne7 12. Nc3 a6 13. Bxc6+ Kxc6 14. Rf6 Raf8 15. Raf1 Rxf6 16. Rxf6 Kd7 17. e4 d4 18. Nd1 c5 19. Nf2 b5 20. Ba3 Rc8 21.
Nd3 b4 22. Bb2 c4 23. bxc4 Rxc4 24. Ne1 a5 25. Rf7 h6 26. g4 a4 27. Kf1 a3 28. Ba1 Rc8 29. Ke2 Rh8 30. Nd3 Ke6 31.
Rf3 h5 32. g5 Rc8 33. c3 dxc3 34. dxc3 bxc3 35. Bxc3 Rxc3 36. Nf4+ exf4 37. Rxc3 Kd7 38. Kf3 Nc6 0-1

[Event "Early-Titled-Tuesday-Blitz-October-03-2023"]
[Site "Chess.com"]
[Date "2023.10.03"]
[Round "9"]
[White "ezkybel"]
[Black "Vision_64"]
[Result "1-0"]
[WhiteElo "2487"]
[BlackElo "2347"]
[TimeControl "180+1"]
[EndTime "9:45:38 PDT"]
[Termination "ezkybel won by resignation"]

1. b3 c5 2. Bb2 Nc6 3. e3 d5 4. f4 a6 5. Nf3 Bg4 6. Be2 Bxf3 7. Bxf3 e6 8. Qe2 Nf6 9. a3 Be7 10. d3 Qb6 11. Nd2 h6 12. O-O O-O 13. Kh1 Rfd8 14. g4 Rac8 15. Rab1 Nb8 16. g5 Nh7 17. gxh6 g6 18.
Rg1 d4 19. e4 Qc7 20. f5 exf5 21. exf5 Bg5 22. Ne4 Be3 23. Rg2 g5 24. h4 f6 25.
hxg5 fxg5 26. Bc1 Qf4 27. Rg4 Qxf5 28. Bxe3 dxe3 29. Rbg1 Rc6 30. Rxg5+ Nxg5 31. Rxg5+ Qxg5 32. Nxg5 Rxh6+ 33. Kg2 Rg6 34. Qxe3 Nc6 35. Bh5 Rg7 36. Qe6+ Kh8 37. Qh6+ Kg8 38. Qe6+ Kh8 39. Kh3 Rf8 40. Qh6+ Kg8 41. Bf3 Ne7 42. Bg4 Rf2 43. Be6+ Kf8 44. Qh8+ Ng8 45. Nh7+ 1-0

[Event "Early-Titled-Tuesday-Blitz-October-03-2023"]
[Site "Chess.com"]
[Date "2023.10.03"]
[Round "9"]
[White "kleinebeer98"]
[Black "vasblesk"]
[Result "0-1"]
[WhiteElo "2808"]
[BlackElo "2736"]
[TimeControl "180+1"]
[EndTime "9:45:39 PDT"]
[Termination "vasblesk won by resignation"]

1. e4 d5 2. exd5 Qxd5 3. Nc3 Qa5 4. b4 Qxb4 5. Rb1 Qd6 6. Nf3 c6 7. d4 Nf6 8. Bc4 b6 9. Ne5 e6 10. Bf4 Qd8 11. Qf3 Bb7 12. O-O Be7 13. Rfe1 O-O 14. Nxf7 Rxf7 15. Bxe6 Nbd7 16. Re2 Nf8 17. Bxf7+ Kxf7 18.
Rbe1 Ng6 19. Bg5 Qd7 20. d5 cxd5 21. h4 d4 22. Ne4 Ne5 23. Qf4 Ng6 24. Qf3 Kg8 25.
Bxf6 gxf6 26. h5 Ne5 27. Nxf6+ Bxf6 28. Qxf6 Qg4 29. f4 Nf3+ 30. Kf1 Nxe1 31. Re7 Rf8 32. Qe5 Bxg2+ 33. Kxe1 Qg3+ 34. Kd1 Bf3+ 35. Kc1 Qxf4+ 36.
Qxf4 Rxf4 37. Rxa7 Rf6 38. Rd7 Bxh5 39. Rxd4 Bg6 40.
a4 Kg7 41. Rd7+ Bf7 42. Kb2 h5 43. Rd4 Rh6 44. Rh4 Kf6 45. a5 bxa5 46. Ka3 Kg5 47. Rh2 Be8 48. Rg2+ Kf4 49. Rf2+ Kg3 50. Rf6 Rxf6 0-1

[Event "Early-Titled-Tuesday-Blitz-October-03-2023"]
[Site "Chess.com"]
[Date "2023.10.03"]
[Round "9"]
[White "aistrel"]
[Black "bylavochka"]
[Result "0-1"]
[WhiteElo "2531"]
[BlackElo "2367"]
[TimeControl "180+1"]
[EndTime "9:45:39 PDT"]
[Termination "bylavochka won by checkmate"]

1. f3 e5 2. g3 d5 3. Nh3 f5 4. Nf2 Nf6 5. e3 Bd6 6. d4 O-O 7. Bg2 exd4 8. exd4 Re8+ 9. Kf1 c5 10. dxc5 Bxc5 11. Nd3 Bb6 12. Nc3 Nc6 13. Bg5 h6 14.
Bxf6 Qxf6 15. Nxd5 Qd4 16. Nxb6 Qxb6 17. Qd2 Be6 18.
Re1 Bc4 19. b3 Rxe1+ 20. Kxe1 Re8+ 21. Kd1 Bxd3 22. cxd3 Nb4 23. f4 Rd8 24. Bf1 Qd4 25. Ke1 Re8+ 26. Kd1 Nd5 27. Kc2 Rc8+ 28. Kd1 Nc3+ 29.
Kc1 Ne4+ 30. Qc2 Rxc2+ 31. Kxc2 Qc3+ 32. Kb1 Nd2# 0-1

[Event "Early-Titled-Tuesday-Blitz-October-03-2023"]
[Site "Chess.com"]
[Date "2023.10.03"]
[Round "9"]
[White "Magila31"]
[Black "campochess"]
[Result "1-0"]
[WhiteElo "2387"]
[BlackElo "2155"]
[TimeControl "180+1"]
[EndTime "9:45:39 PDT"]
[Termination "Magila31 won by resignation"]

1. d4 Nf6 2. c4 g6 3. Nc3 d5 4.
Nf3 Bg7 5. Bg5 c6 6. e3 Nbd7 7. Qb3 O-O 8. cxd5 Nxd5 9. Nxd5 cxd5 10. Qxd5 Qb6 11. Qb3 e5 12. Qxb6 axb6 13. Bc4 exd4 14. exd4 Re8+ 15. Be3 Nf6 16. O-O Ne4 17. Rfc1 Bf5 18.
h3 Nd6 19. Bd5 Ra5 20. Bb3 b5 21. a4 Rea8 22. Bf4 Ne4 23. Ne5 Be6 24. Bxe6 fxe6 25. b3 bxa4 26. Rxa4 Rxa4 27. bxa4 Bxe5 28. Bxe5 Rxa4 29.
Rc8+ Kf7 30. Rc7+ Ke8 31. Rxb7 Ra1+ 32. Kh2 Nxf2 33. Rxh7 Rh1+ 34. Kg3 Ne4+ 35. Kf4 Nc3 36. Kg5 Rg1 37. g4 Ne4+ 38. Kxg6 Nf2 39. g5 Rh1 40. h4 Ng4 41. h5 Re1 42. h6 Nxe5+ 43. dxe5 Rxe5 44.
Ra7 Re1 45. h7 Rh1 46. Ra8+ Ke7 47. h8=Q Rxh8 48. Rxh8 1-0

[Event "Early-Titled-Tuesday-Blitz-October-03-2023"]
[Site "Chess.com"]
[Date "2023.10.03"]
[Round "9"]
[White "AEMEffi"]
[Black "MajorCoast"]
[Result "1-0"]
[WhiteElo "2392"]
[BlackElo "2261"]
[TimeControl "180+1"]
[EndTime "9:45:40 PDT"]
[Termination "AEMEffi won by checkmate"]

1. d4 d5 2. c4 e6 3. Nc3 h6 4.
cxd5 exd5 5. Bf4 Bd6 6. Bg3 Nf6 7. e3 c6 8. Bd3 O-O 9. Nge2 Re8 10. Qc2 a5 11.
Bxd6 Qxd6 12. h3 Na6 13. a3 Nc7 14. O-O b5 15. Ng3 b4 16. Na4 Ba6 17. Nc5 Bxd3 18.
Qxd3 bxa3 19. bxa3 Rab8 20. Qd2 Ne6 21. Nxe6 Rxe6 22.
Qxa5 Ne4 23. Nxe4 Rxe4 24. Rfb1 Rxb1+ 25. Rxb1 Qg6 26. Qd8+ Kh7 27. Rb8 Qh5 28. Qh8+ Kg6 29. Rg8 Qd1+ 30. Kh2 Re6 31. Qxg7+ Kf5 32. Qxf7+ Rf6 33.
g4+ Ke4 34. Qxf6 Qf1 35. Qf5# 1-0

[Event "Early-Titled-Tuesday-Blitz-October-03-2023"]
[Site "Chess.com"]
[Date "2023.10.03"]
[Round "9"]
[White "Beca95"]
[Black "Zablotsky"]
[Result "1-0"]
[WhiteElo "3006"]
[BlackElo "2737"]
[TimeControl "180+1"]
[EndTime "9:45:41 PDT"]
[Termination "Beca95 won by resignation"]

1. e4 d6 2. d4 Nf6 3. Nc3 e5 4.
dxe5 dxe5 5. Qxd8+ Kxd8 6. f4 Bb4 7. Bd3 Nc6 8. Nf3 Re8 9. fxe5 Nxe5 10. Bf4 Nxd3+ 11.
cxd3 h6 12. O-O-O Be6 13. Be5 Ke7 14. a3 Ba5 15. h3 Rad8 16. g4 c6 17. Nd4 g6 18.
Nxe6 Kxe6 19. Bxf6 Kxf6 20. Rhf1+ Kg7 21. Rf3 Rd7 22.
Rdf1 Bd8 23. Kc2 Re6 24. b4 Rf6 25. Na4 b6 26. Nb2 Rxf3 27. Rxf3 Bf6 28. Nc4 Bd4 29.
a4 Re7 30. Kb3 Rd7 31. b5 cxb5 32. axb5 Kf8 33. h4 Ke7 34. h5 Rd8 35. Rh3 Rg8 36. Nd2 gxh5 37. gxh5 Rg2 38. Nf3 Bf6 39. d4 Re2 40. e5 Bg7 41. Kc4 Kd7 42. Rg3 Bf8 43.
Nh4 Be7 44. Nf5 Bg5 45. Ra3 Rc2+ 46. Kd5 Rc7 47. Ra2 Kc8 48. Nd6+ Kb8 49. Rf2 a6 50. bxa6 Ka7 51. Nb5+ 1-0

[Event "Early-Titled-Tuesday-Blitz-October-03-2023"]
[Site "Chess.com"]
[Date "2023.10.03"]
[Round "9"]
[White "Tsyhanchuk_Stanislav"]
[Black "HajiyevKanan"]
[Result "0-1"]
[WhiteElo "2437"]
[BlackElo "2536"]
[TimeControl "180+1"]
[EndTime "9:45:42 PDT"]
[Termination "HajiyevKanan won by checkmate"]

1. e4 c6 2. d4 d5 3. e5 a6 4. c4 Bf5 5. Nc3 e6 6. cxd5 cxd5 7. h4 h5 8. Nf3 Nc6 9. Bd3 Bg4 10.
Be3 Nge7 11. O-O Nf5 12. Bxf5 Bxf5 13. Bg5 Be7 14. Na4 Bg4 15. Bxe7 Qxe7 16. Rc1 Bxf3 17. Qxf3 Nxd4 18. Qe3 Qxh4 19. Rc7 O-O 20. Nb6 Rab8 21. g3 Qe4 22. Qxe4 dxe4 23. Rc4 Nf3+ 24. Kg2 Nd2 25. Rd4 Nxf1 26. Kxf1 Rbd8 27. Rc4 e3 28. fxe3 Rd2 29. Nc8 Rxb2 30. Ne7+ Kh7 31. g4 Rd8 32.
Ke1 Rd7 33. Nc8 h4 34. Nd6 h3 35. g5 h2 36. Rh4+ Kg6 37. Kf1 Kxg5 38. Rh7 Kg6 39. Rh8 Rxa2 40. Rh3 Ra1+ 41. Kg2 h1=Q+ 42. Rxh1 Rxh1 43.
Kxh1 Rxd6 44. exd6 Kf6 45. e4 e5 46. Kg2 Ke6 47. Kg3 Kxd6 48. Kg4 a5 49. Kf5 a4 50.
Kg5 a3 51. Kf5 a2 52. Kg5 a1=Q 53. Kf5 Qd4 54. Kg5 Qxe4 55. Kh5 Qg2 56. Kh4 f6 57.
Kh5 Qg5# 0-1